 Dungeon Sprint DCSS version 0.29.1-2-gbd0b4ee654 (webtiles) character file.

Game seed: 3610481306565899710

7024 boopmooplesden the Warrior (level 10, -4/166 HPs)
             Began as a Minotaur Berserker on Nov 30, 2022.
             Was the Champion of Trog.
             Slain by a tentacle (17 damage)
             ... attached to a kraken
             ... in the Dungeon (Sprint II: "The Violet Keep of Menkaure").
             The game lasted 00:04:41 (1953 turns).

boopmooplesden the Warrior (Minotaur Berserker)     Turns: 1953, Time: 00:04:42

Health: -4/166     AC: 16    Str: 24    XL:     10   Next: 82%
Magic:  3/3        EV: 12    Int:  4    God:    Trog [******]
Gold:   933        SH:  0    Dex: 12    Spells: 9/9 levels left

rFire   + . .      SeeInvis .   e - +1 triple sword (antimagic)
rCold   . . .      Faith    .   (shield currently unavailable)
rNeg    . . .      Spirit   .   c - +2 chain mail {rF+}
rPois   .          Reflect  .   i - +1 hat
rElec   .          Harm     .   (no cloak)
rCorr   .          Rampage  .   (no gloves)
Will    .....      NoTele   +   (no boots)
Stlth   ..........              (no amulet)
HPRegen 0.37/turn               (no ring)
MPRegen 0.08/turn               (no ring)

@: berserking (expiring), slow
A: horns 2, retaliatory headbutt
a: Renounce Religion, Berserk, Trog's Hand, Brothers in Arms


You were in the Dungeon.
You worshipped Trog.
Trog was exalted by your worship.
You visited 1 branch You collected 1485 gold pieces.
You spent 552 gold pieces at shops.

Inventory:

Hand Weapons
 a - a +0 falchion
 d - a +4 dire flail of flaming
 e - a +1 antimagic triple sword (weapon)
Armour
 b - a +0 animal skin
 c - a +2 chain mail of fire resistance (worn)
 i - a +1 hat (worn)
 j - a +0 kite shield
Scrolls
 l - a scroll of vulnerability
Potions
 f - 2 potions of magic
 g - a potion of berserk rage


   Skills:
 + Level 17.0 Fighting
 + Level 17.0 Long Blades
 + Level 15.1 Armour
 + Level 9.3 Dodging
 + Level 2.6 Stealth
 + Level 9.8 Shields


You had 9 spell levels left.
You didn't know any spells.
Your spell library was empty.

Dungeon Overview and Level Annotations

Branches:
Dungeon (1/1)

Altars:
Cheibriados
Dithmenos
Elyvilon
Fedhas
Gozag
Hepliaklqana
Kikubaaqudgha
Makhleb
Nemelex Xobeh
Okawaru
Qazlal
Ru
Sif Muna
Trog
Uskayaw
Vehumet
Wu Jian
Xom
Yredelemnul
Zin
The Shining One
Jiyva
Lugonu

Shops:
D (:::=:=![[[!?!*

Annotations:
D exclusion: oklob plant


Innate Abilities, Weirdness & Mutations

You have a pair of horns on your head.
You reflexively headbutt those who attack you in melee.


Message History

The tentacle slaps you!
You slash the tentacle!
The tentacle is heavily wounded.
The tentacle barely misses you.
A tentacle segment bursts forth from the water.
You closely miss the tentacle.
The tentacle is heavily wounded.
The tentacle barely misses you.
A tentacle segment bursts forth from the water.
Your unstable footing causes you to fumble your attack.
The tentacle closely misses you. You furiously retaliate!
You headbutt the tentacle! You slash the tentacle! You headbutt the tentacle.
You kill the tentacle!
The tentacle barely misses you.
A tentacle rises from the water!
You barely miss the tentacle. The tentacle slaps you!!
You closely miss the tentacle. The tentacle slaps you!
Your unstable footing causes you to fumble your attack.
The tentacle slaps you!!
* * * LOW HITPOINT WARNING * * *
Your unstable footing causes you to fumble your attack.
The tentacle slaps you!
* * * LOW HITPOINT WARNING * * *
You open the tentacle like a pillowcase!!!
You headbutt the tentacle.
The tentacle is almost dead.
The tentacle slaps you.
* * * LOW HITPOINT WARNING * * *
The tentacle slaps you!
* * * LOW HITPOINT WARNING * * *
You barely miss the tentacle. You headbutt the tentacle.
You kill the tentacle!
The tentacle slaps you but does no damage.
You hit the tentacle but do no damage. The tentacle barely misses you.
You furiously retaliate!
You headbutt the tentacle. You slash the tentacle!
You headbutt the tentacle, but do no damage.
The tentacle is heavily wounded.
The tentacle slaps you!
You die...

#^ # +.##. }▓:!?$?$$?▓▓ #
...####▓$$$[(!))▓▓ ##
#..##.#▓[($)?$?$▓▓ .#
+..#.)#▓$)$)[?()▓▓ .#
#.^#..#▓$(!??[??▓▓
.####..##÷#▓$!!?[?!?▓▓
...###...##▓▓▓▓▓▓▓+▓▓▓▓+
.....~~~~~~~~~~§@w──wX≈≈
..§.§~#+########'###V≈w≈
§~§..~#....._..#§§~## ≈
~~~§.~#...._._.#§§§§####▓▓▓▓▓
≈§§§§~#..._._._#~~§§§##..#..▓
≈≈§~~~#.._._._.#~§~≈≈§#..#..▓
≈≈≈≈≈~#._._._._#~~~~§§'..'..▓
≈###≈≈#_._._._.#~§~~≈§#..#..▓
#≈§#._._._._#~~≈§§§▓..#..▓


You could see a kraken and 3 tentacles.

Vanquished Creatures
  2 sphinxes (D)
  2 deep trolls (D)
  A yaktaur (D)
  A hornet (D)
  3 polar bears (D)
  12 flying skulls (D)
  Menkaure (D)
  5 water moccasins (D)
  4 necrophages (D)
  5 scorpions (D)
  3 worms (D)
  2 tentacles (D)
41 creatures vanquished.

Vanquished Creatures (others)
  4 tentacles (D)
4 creatures vanquished.

Grand Total: 45 creatures vanquished

Notes
Turn   | Place    | Note
-------+----------+-------------------------------------------
     0 | D        | boopmooplesden the Minotaur Berserker began the quest for
                  | the Orb.
     0 | D        | Reached XP level 1. HP: 19/19 MP: 0/0
    10 | D        | Reached ** piety under Trog
    11 | D        | Reached XP level 2. HP: 28/28 MP: 1/1
    41 | D        | Noticed Menkaure
    41 | D        | Noticed a water moccasin
    48 | D        | Killed a water moccasin
    49 | D        | Reached XP level 3. HP: 37/37 MP: 2/2
    50 | D        | Killed Menkaure
    51 | D        | Reached XP level 4. HP: 47/47 MP: 3/3
    61 | D        | Noticed a necrophage
    61 | D        | Noticed a necrophage
    61 | D        | Noticed a necrophage
    61 | D        | Noticed a necrophage
    65 | D        | Killed a necrophage
    65 | D        | Reached *** piety under Trog
    66 | D        | Reached XP level 5. HP: 55/55 MP: 4/4
    71 | D        | Reached skill level 5 in Armour
    72 | D        | Reached skill level 10 in Long Blades
    72 | D        | Reached skill level 5 in Dodging
    72 | D        | Reached XP level 6. HP: 60/66 MP: 5/5
    75 | D        | Reached skill level 10 in Fighting
   217 | D        | Reached **** piety under Trog
   231 | D        | Reached XP level 7. HP: 29/74 MP: 6/6
   493 | D        | Noticed a boulder beetle
   493 | D        | Noticed a boulder beetle
   500 | D        | Noticed a flying skull
   500 | D        | Noticed a flying skull
   500 | D        | Noticed a flying skull
   500 | D        | Noticed a flying skull
   500 | D        | Noticed a flying skull
   501 | D        | Noticed a flying skull
   501 | D        | Noticed a flying skull
   501 | D        | Noticed a flying skull
   501 | D        | Noticed a flying skull
   501 | D        | Noticed a flying skull
   501 | D        | Noticed a flying skull
   503 | D        | Found Diahucuf's Assorted Antiques.
   505 | D        | Found Goen's Magic Scroll Shoppe.
   505 | D        | Noticed a flying skull
   506 | D        | Found Keus's Antique Armour Emporium.
   507 | D        | Found Atabic's Antique Armour Shoppe.
   508 | D        | Found Osiuhoklu's Distillery.
   508 | D        | Found Iqowog's Antique Armour Shoppe.
   509 | D        | Found Feogguen's Jewellery Shoppe.
   509 | D        | Found Bouwn's Distillery.
   509 | D        | Found Haosiguck's Book Emporium.
   509 | D        | Noticed a hell hog
   510 | D        | Found Bateat's Distillery.
   512 | D        | Noticed a hell hog
   542 | D        | Found Nubluodu's Jewellery Shoppe.
   542 | D        | Found Zeyfom's Book Emporium.
   542 | D        | Noticed an oklob plant
   543 | D        | Found Noel's Book Shoppe.
   543 | D        | Found Goreoskukuc's Antique Weapon Emporium.
   543 | D        | Found Lioqeset's Book Shoppe.
   547 | D        | Noticed a manticore
   547 | D        | Noticed a manticore
   558 | D        | Bought a runed chain mail for 210 gold pieces
   558 | D        | Bought a runed hat for 196 gold pieces
   575 | D        | Bought a kite shield for 112 gold pieces
   584 | D        | Bought a scroll labelled SATUTO XOURO for 17 gold pieces
   584 | D        | Bought a scroll labelled YRE QUECAAV for 17 gold pieces
   686 | D        | Killed a flying skull
   686 | D        | Reached ***** piety under Trog
   688 | D        | Killed a flying skull
   689 | D        | Reached XP level 8. HP: 86/86 MP: 7/7
   701 | D        | Killed a flying skull
   702 | D        | Reached skill level 1 in Shields
   717 | D        | Killed a flying skull
   727 | D        | Killed a flying skull
   732 | D        | Killed a flying skull
   745 | D        | Killed a flying skull
   765 | D        | Killed a flying skull
   765 | D        | Received a gift from Trog
   766 | D        | Reached skill level 15 in Long Blades
   766 | D        | Reached XP level 9. HP: 13/96 MP: 8/8
  1122 | D        | Reached skill level 15 in Fighting
  1126 | D        | Reached skill level 10 in Armour
  1152 | D        | Found a blossoming altar of Fedhas.
  1153 | D        | Found a white marble altar of Elyvilon.
  1154 | D        | Found a shadowy altar of Dithmenos.
  1154 | D        | Found a corrupted altar of Lugonu.
  1154 | D        | Found an opulent altar of Gozag.
  1154 | D        | Found a burning altar of Makhleb.
  1155 | D        | Found a snail-covered altar of Cheibriados.
  1155 | D        | Found an ancient bone altar of Kikubaaqudgha.
  1155 | D        | Found a bloodstained altar of Trog.
  1156 | D        | Found a viscous altar of Jiyva.
  1156 | D        | Found a shimmering blue altar of Sif Muna.
  1157 | D        | Found a hazy altar of Hepliaklqana.
  1157 | D        | Found a sacrificial altar of Ru.
  1158 | D        | Found a stormy altar of Qazlal.
  1158 | D        | Found an ornate altar of the Wu Jian Council.
  1159 | D        | Noticed a yaktaur
  1159 | D        | Noticed a polar bear
  1159 | D        | Noticed a polar bear
  1159 | D        | Noticed a polar bear
  1164 | D        | Killed a polar bear
  1164 | D        | Received a gift from Trog
  1165 | D        | Reached skill level 1 in Stealth
  1165 | D        | Reached skill level 5 in Shields
  1179 | D        | Killed a polar bear
  1185 | D        | Reached ****** piety under Trog
  1194 | D        | Killed a polar bear
  1202 | D        | Killed a yaktaur
  1393 | D        | Found a shimmering altar of Xom.
  1400 | D        | Noticed a kraken
  1411 | D        | Reached XP level 10. HP: 83/107 MP: 3/9
  1416 | D        | Found a glowing golden altar of the Shining One.
  1416 | D        | Found a basalt altar of Yredelemnul.
  1416 | D        | Found a hide-covered altar of Uskayaw.
  1417 | D        | Found a glowing silver altar of Zin.
  1417 | D        | Found a radiant altar of Vehumet.
  1497 | D        | Noticed a deep troll
  1497 | D        | Noticed a deep troll
  1502 | D        | Killed a deep troll
  1507 | D        | Killed a deep troll
  1757 | D        | Noticed a sphinx
  1757 | D        | Noticed a sphinx
  1765 | D        | Killed a sphinx
  1771 | D        | Paralysed by a sphinx for 2 turns
  1774 | D        | Killed a sphinx
  1775 | D        | Reached skill level 15 in Armour
  1903 | D        | Found a sparkling altar of Nemelex Xobeh.
  1904 | D        | Found an iron altar of Okawaru.
  1953 | D        | Slain by a tentacle

Illustrated notes

Levels and vault maps discovered:
D:        the_violet_keep_of_menkaure [sprint2_stairs_cluster_1,
          sprint2_shoproom, sprint2_temple, sprint2_basic_supplies,
          sprint2_obstacle_1, sprint2_obstacle_5, sprint2_obstacle_4,
          sprint2_obstacle_3, sprint2_obstacle_2, sprint2_timed_cluster_1,
          sprint2_smallroom_cluster_1, sprint2_smallroom_final_cluster_1,
          sprint2_transparent_cluster_1, sprint2_second_timed_cluster_1,
          sprint2_sniper_area_1, sprint2_heavy_combat_area_1,
          sprint2_mutation_trap_area_1, sprint2_forest_area_1,
          sprint2_light_combat_area_1, sprint2_behind_water_1,
          sprint2_near_end_vault_1]

Skill      XL: |  1  2  3  4  5  6  7  8  9 10 |
---------------+-------------------------------+-----
Fighting       | 4 6 7 8 9 11 13 14 16 17 | 17.0
Long Blades    | 4 6 7 8 10 12 13 15 17 | 17.0
Armour         | 3 4 5 6 7 9 12 15 | 15.1
Dodging        | 3 4 5 6 7 8 9 |  9.3
Shields        | 3 7 9 |  9.8
Stealth        | 1 2 |  2.6

Action                   |  1- 3 |  4- 6 |  7- 9 | 10-12 || total
-------------------------+-------+-------+-------+-------++-------
Melee: Falchion          |    11 |    30 |   154 |       ||   195
       Headbutt          |     3 |     5 |    36 |    10 ||    54
       Triple sword      |       |       |     7 |    38 ||    45
Invok: Berserk           |     1 |     2 |     2 |     3 ||     8
  Use: Scroll            |       |       |     2 |       ||     2
       Potion            |       |       |     3 |       ||     3
Armor: Animal skin       |     3 |     1 |     1 |       ||     5
       Chain mail        |       |       |    62 |    30 ||    92
Dodge: Dodged            |     6 |    15 |    67 |    21 ||   109
Block: Kite shield       |       |       |    60 |       ||    60
